 Dungeon Crawl Stone Soup version 0.17-a0-1920-gafa4d75 (webtiles) character file.

15 kosy22 the Caller (level 2, 0/13 HPs)
             Began as a Vine Stalker Summoner on Sept 27, 2015.
             Succumbed to an adder's poison
             ... on level 2 of the Dungeon.
             The game lasted 00:04:13 (1077 turns).

kosy22 the Caller (Vine Stalker Summoner)           Turns: 1077, Time: 00:04:13

Health: 0/13       AC:  3    Str: 10    XL:     2   Next: 50%
Magic:  1/6        EV: 12    Int: 15    God:
Gold:   13         SH:  0    Dex: 14    Spells: 2 memorised, 2 levels left

rFire  . . .     SeeInvis .     d - +0 short sword (speed)
rCold  . . .     Clarity  .     a - +0 robe
rNeg   . . .     SustAt   .     (no shield)
rPois  .         Gourm    .     (no helmet)
rElec  .         Spirit   +     (no cloak)
rCorr  .         Warding  .     h - +0 pair of gloves
rMut   .         Stasis   .     (no boots)
MR     .....                    (no amulet)
Stlth  ++........               (no ring)
                                (no ring)

@: lethally poisoned (0 -> -7), very slightly contaminated, not resistant to
hostile enchantments, unstealthy
A: fangs 2, regeneration 1, magic shield, antimagic bite, no device heal 3, rot
immunity
a: no special abilities


You were on level 2 of the Dungeon.
You were not hungry.

You visited 1 branch of the dungeon, and saw 2 of its levels.

You collected 13 gold pieces.

Inventory:

Hand weapons
 d - a +0 short sword of speed (weapon)
Armour
 a - a +0 robe (worn)
 h - a +0 pair of gloves (worn)
Potions
 f - a potion of flight {unknown}
 i - a potion of mutation {unknown}
Books
 b - a book of Callings

   Spells                             Type                      Level
   a - Summon Small Mammal            Summoning                    1
   b - Call Imp                       Summoning                    2
   c - Call Canine Familiar           Summoning                    3
   d - Summon Guardian Golem          Hexes/Summoning              3
   e - Summon Lightning Spire         Summoning/Air                4
   f - Summon Ice Beast               Ice/Summoning                4
Comestibles
 c - a bread ration


   Skills:
 + Level 1.7 Dodging
 + Level 2.4 Stealth
 + Level 2.4 Spellcasting
 + Level 4.4 Summonings


You had 2 spell levels left.
You knew the following spells:

 Your Spells              Type           Power        Failure   Level  Hunger
a - Summon Small Mammal   Summ           ###.         3%          1    #......
b - Call Imp              Summ           ###.....     6%          2    ###....


Dungeon Overview and Level Annotations

Branches:
Dungeon (2/15)

Altars:


Innate Abilities, Weirdness & Mutations

You have extremely sharp teeth.
Your natural rate of healing is unusually fast.
When hurt, damage is shared between your health and your magic reserves.
Your bite disrupts and absorbs the magic of your enemies.
Potions and wands cannot restore your health.
You are immune to rotting.


Message History

Your quokka barely misses the adder.
The kobold closely misses you. The adder closely misses you.
Your quokka bites the adder.
The adder bites you.
Casting: Summon Small Mammal
Confirm with . or Enter, or press ? or * to list all spells.
You don't have enough magic to cast that spell.
Casting: Summon Small Mammal
Confirm with . or Enter, or press ? or * to list all spells.
You miscast Summon Small Mammal.
You are very lightly contaminated with residual magic.
Distant voices call out to you!
Your quokka closely misses the adder.
The kobold hits you. The adder bites you.
You are poisoned.
The adder poisons you!
You feel sick.
Your quokka closely misses the adder.
The adder bites you.
* * * LOW HITPOINT WARNING * * *
You are more poisoned.
The adder poisons you!
Your quokka bites the adder.
You die...

#.# #.# ##'## #<#
##...## #.# ##.....##
###.# ##...(...##
##.#.#
#.........####...†#####
+...rSK...'..[.........
#.........####.......##
##....@..## ##.#.##.#
##.....## #.#<# .#
##...## #.#.# # ##+##
#.#.# #.#.# #....


You could see an adder, a kobold and a friendly quokka.

Vanquished Creatures
  2 kobolds
2 creatures vanquished.

Vanquished Creatures (collateral kills)
  A giant gecko (D:1)
  2 bats (D:1)
  3 giant cockroaches
  3 goblins (D:1)
  3 hobgoblins (D:1)
  4 kobolds
  2 rats
18 creatures vanquished.

Grand Total: 20 creatures vanquished

Notes
Turn   | Place    | Note
--------------------------------------------------------------
     0 | D:1      | kosy22 the Vine Stalker Summoner began the quest for the Orb.
     0 | D:1      | Reached XP level 1. HP: 9/9 MP: 4/4
   712 | D:1      | Reached XP level 2. HP: 13/13 MP: 1/6
   719 | D:1      | Learned a level 2 spell: Call Imp
  1077 | D:2      | Succumbed to an adder's poison

Vault maps used:
D:1:      dpeg_arrival_arbitrary_b, serial_glass, glass_columns_a,
          glass_columns_b
D:2:      lemuel_upstairs_altar

Action                   || total
-------------------------++-------
Melee: Unarmed           ||    15
       Short sword       ||     1
 Cast: Summon Small Mamm ||    27
       Call Imp          ||     3
  Use: Scroll            ||     4
  Eat: Pizza             ||     1
